 Dungeon Crawl Stone Soup version 0.31-a0-466-g98c9adc2b6 (webtiles) character file.

Game seed: 775389829517270024

104 Crownlay the Shield-Bearer (level 4, 0/39 (41) HPs)
             Began as a Minotaur Fighter on Aug 5, 2023.
             Slain by Ijyb
             ... wielding a +0 dagger
              (2 damage)
             ... on level 3 of the Dungeon.
             The game lasted 00:02:14 (2089 turns).

Crownlay the Shield-Bearer (Minotaur Fighter)       Turns: 2089, Time: 00:02:15

HP:   0/39 (41)     AC:  6    Str: 20    XL:     4   Next: 52%
MP:   3/3           EV:  9    Int:  5    God:
Gold: 122           SH:  5    Dex: 12    Spells: 3/3 levels left

rFire   . . .        a - +0 long sword
rCold   . . .        c - +0 buckler
rNeg    . . .        b - +0 scale mail
rPois   .            (helmet restricted)
rElec   .            (no cloak)
rCorr   .            (no gloves)
SInv    .            (no boots)
Will    .....        (no amulet) Stlth
                     (no ring)
HPRegen 0.26/turn    (no ring)
MPRegen 0.08/turn

%: no passive effects
@: lightly drained
A: horns 2, retaliatory headbutt
a: no special abilities


You were on level 3 of the Dungeon.
You visited 1 branch of the dungeon, and saw 3 of its levels.

You collected 122 gold pieces.

Inventory:

Hand Weapons
 a - a +0 long sword (weapon)
Armour
 b - a +0 scale mail (worn)
 c - a +0 buckler (worn)
Jewellery
 g - a ring of wizardry
 o - an amulet of reflection
Talismans
 s - a beast talisman
Scrolls
 h - a scroll of fog {unknown}
 i - a scroll of silence {unknown}
 j - 2 scrolls of brand weapon {unknown}
 k - 2 scrolls of vulnerability {unknown}
 l - a scroll of blinking {unknown}
 m - 2 scrolls of identify {unknown}
 n - a scroll of poison {unknown}
 q - a scroll of teleportation {unknown}
 r - a scroll of noise {unknown}
 t - a scroll of enchant armour {unknown}
Potions
 d - a potion of might
 e - a potion of heal wounds {unknown}
 f - 2 potions of curing {unknown}
 p - a potion of attraction {unknown}
 u - a potion of brilliance {unknown}


   Skills:
 + Level 4.4 Fighting
 * Level 4.4 Long Blades
 - Level 3.6 Armour
 + Level 4.5 Shields
 + Level 0.0 Shapeshifting


You had 3 spell levels left.
You didn't know any spells.
Your spell library contained the following spells:

 Spells                   Type           Power      Damage    Failure   Level
 Freeze                   Ice            0%         1d3       88%         1
 Frozen Ramparts          Ice            0%         1d1       99%         3
 Hailstorm                Conj/Ice       0%         3d3       99%         3


Dungeon Overview and Level Annotations

Branches:
Dungeon (3/15)

Altars:
Kikubaaqudgha
Yredelemnul

Annotations:
D:3 Ijyb


Innate Abilities, Weirdness & Mutations

You have a pair of horns on your head.
You reflexively headbutt those who attack you in melee.


Message History

Ijyb hits you but does no damage. Ijyb hits you with a +0 dagger.
You closely miss Ijyb.
Ijyb is heavily wounded.
Ijyb hits you with a +0 dagger.
You hit Ijyb but do no damage. You headbutt Ijyb, but do no damage.
Ijyb is heavily wounded.
You block Ijyb's attack.
You hit Ijyb but do no damage. You headbutt Ijyb.
Ijyb is heavily wounded.
Ijyb zaps a wand.
The puff of flame hits you!
You are too injured to fight recklessly!
You are too injured to fight recklessly!
You are too injured to fight recklessly!
You are too injured to fight recklessly!
You are too injured to fight recklessly!
You are too injured to fight recklessly!
You are too injured to fight recklessly!
You are too injured to fight recklessly!
You are too injured to fight recklessly!
You are too injured to fight recklessly!
You are too injured to fight recklessly!
You hit Ijyb but do no damage. Your headbutt misses Ijyb.
Ijyb is heavily wounded.
Ijyb zaps a wand.
The puff of flame hits you.
You closely miss Ijyb.
Ijyb is heavily wounded.
Ijyb zaps a wand.
The puff of flame misses you.
Ijyb zaps a wand.
The puff of flame misses you.
You hit Ijyb but do no damage. You headbutt Ijyb, but do no damage.
Ijyb is heavily wounded.
Ijyb hits you with a +0 dagger.
* * * LOW HITPOINT WARNING * * *
You barely miss Ijyb. Your headbutt misses Ijyb.
Ijyb is heavily wounded.
Ijyb zaps a wand.
The puff of flame hits you!
* * * LOW HITPOINT WARNING * * *
You hit Ijyb.
Ijyb is severely wounded.
Ijyb hits you with a +0 dagger.
You die...

#...'#####....#
#
#.#......######
#.##.#..##.##
#)......# #
####.####
####.# #....#
#.#### #@# #g#
#.. ####


You could see Ijyb.

Vanquished Creatures
  Robin (D:2)
  3 gnolls (D:3)
  2 adders
  A dart slug (D:1)
  2 orcs (D:3)
  2 endoplasms
  2 giant cockroaches
  2 hobgoblins
  3 kobolds
  2 quokkas
  3 ball pythons (D:1)
  5 bats
  3 frilled lizards
  9 goblins
  6 rats
46 creatures vanquished.

Notes
Turn   | Place    | Note
-------+----------+-------------------------------------------
     0 | D:1      | Crownlay the Minotaur Fighter began the quest for the Orb.
     0 | D:1      | Reached XP level 1. HP: 19/19 MP: 0/0
   367 | D:1      | Reached XP level 2. HP: 27/27 MP: 1/1
  1047 | D:2      | Reached XP level 3. HP: 33/33 MP: 2/2
  1092 | D:2      | Noticed Robin
  1107 | D:2      | Killed Robin
  1722 | D:3      | Found an ancient bone altar of Kikubaaqudgha.
  1799 | D:3      | Reached XP level 4. HP: 33/41 MP: 3/3
  2058 | D:3      | Found a basalt altar of Yredelemnul.
  2075 | D:3      | Noticed Ijyb
  2089 | D:3      | Slain by Ijyb

Illustrated notes

Levels and vault maps discovered:
D:1:      lemuel_arrival_funnel, layout_basic
D:2:      layout_basic, uniq_robin
D:3:      layout_loops_cross, nemelex_diamond_rough_becter,
          mainiacjoe_overflow_cross_hatched, mainiacjoe_overflow_swirl,
          shapermc_ecumenical_altar_petra, uniq_ijyb

Skill      XL: |  1  2  3 |
---------------+----------+-----
Long Blades    | 3 4 |  4.4
Fighting       | 4 |  4.4
Shields        | 4 |  4.5
Armour         | |  3.6

Action                     |  1- 3 |  4- 6 || total
---------------------------+-------+-------++-------
  Melee: Long sword        |    95 |    33 ||   128
         Headbutt          |    10 |     8 ||    18
 Armour: Scale mail        |    48 |     9 ||    57
  Dodge: Dodged            |    37 |    10 ||    47
  Block: Buckler           |    29 |    11 ||    40

Table legend: (Time is in decaauts)
 A = Elapsed time spent in this place.
 B = Non-inter-level travel time spent in this place.
 C = Inter-level travel time spent in this place.
 D = Time resting spent in this place.
 E = Time spent auto-exploring this place.
 F = Levels seen in this place.
 G = Mean time per level.
                   A        B        C        D        E       F      G
               +--------+--------+--------+--------+--------+-----+--------+
         Total |   2119 |   2008 |    111 |      0 |   1690 |   3 |  706.3 |
       Dungeon |   2119 |   2008 |    111 |      0 |   1690 |   3 |  706.3 |
               +--------+--------+--------+--------+--------+-----+--------+

Top non-repeatable levels by time:
     D:2: 1014 daAuts
     D:1: 703 daAuts
     D:3: 401 daAuts
